 Dungeon Crawl Stone Soup version 0.22.1-1-ga44c0e56f4 (webtiles) character file.

9527 Ivernyr the Thaumaturge (level 11, 0/81 HPs)
             Began as a Naga Wizard on Oct 22, 2018.
             Was an Elder of Cheibriados.
             Slain by an orc warrior
             ... wielding a +0 dire flail
              (2 damage)
             ... on level 2 of the Orcish Mines on Oct 23, 2018.
             The game lasted 01:36:01 (11976 turns).

Ivernyr the Thaumaturge (Naga Wizard)              Turns: 11976, Time: 01:36:07

Health: 0/81       AC:  7    Str: 18    XL:     11   Next: 47%
Magic:  26/26      EV: 10    Int: 33    God:    Cheibriados [****..]
Gold:   610        SH:  0    Dex: 19    Spells: 19/33 levels left

rFire    + . .     SeeInvis +   J - +8 falchion "Asokhlav" {flame, rPois Int+2 Stlth+}
rCold    . . .     Gourm    .   (no shield)
rNeg     . . .     Faith    .   a - +0 robe
rPois    +         Spirit   .   t - +0 helmet
rElec    .         Reflect  .   m - +0 cloak
rCorr    .         Harm     .   v - +0 pair of gloves
MR       +....                  (no barding)
Stlth    ++++......             z - amulet of regeneration
HPRegen  0.63/turn              l - ring of protection from fire
MPRegen  0.20/turn              F - ring of wizardry

@: very slow
A: large, see invisible, deformed body, poison resistance, slowness 2, slow
metabolism 1, spit poison 1, AC +3
a: Spit Poison, Bend Time, Temporal Distortion, Slouch, Renounce Religion


You were on level 2 of the Orcish Mines.
You worshipped Cheibriados.
Cheibriados was greatly pleased with you.
You were hungry.

You visited 3 branches of the dungeon, and saw 14 of its levels.

You collected 610 gold pieces.

Inventory:

Hand Weapons
 y - the +12 quarterstaff of the Silent Majority {crush, Dex+4}
   (You found it on level 4 of the Dungeon)

   It inflicts extra damage upon your enemies.
   It affects your dexterity (+4).
 J - the +8 falchion "Asokhlav" (weapon) {flame, rPois Int+2 Stlth+}
   (You took it off Harold on level 10 of the Dungeon)

   It has been specially enchanted to burn those struck by it, causing extra
   injury to most foes and up to half again as much damage against particularly
   susceptible opponents.
   Big, fiery blades are also staple armaments of hydra-hunters.
   It affects your intelligence (+2).
   It protects you from poison.
   It makes you more stealthy.
Armour
 a - a +0 robe (worn)
 m - a +0 cloak (worn)
 t - a +0 helmet (worn)
 v - a +0 pair of gloves (worn)
Jewellery
 l - a ring of protection from fire (left hand)
 z - an amulet of regeneration (around neck)
 F - a ring of wizardry (right hand)
Wands
 k - a wand of acid (9)
 C - a wand of flame (79)
Scrolls
 b - a scroll of noise {unknown}
 e - 2 scrolls of immolation {unknown}
 f - 2 scrolls of fear
 h - a scroll of amnesia {unknown}
 i - a scroll of silence {unknown}
 n - 2 scrolls of teleportation
 o - 4 scrolls of remove curse {unknown}
 q - a scroll of enchant weapon {unknown}
 r - a scroll of magic mapping {unknown}
 u - a scroll of fog {unknown}
 B - 3 scrolls of identify
 H - a scroll of random uselessness {unknown}
 I - a scroll of enchant armour {unknown}
Potions
 c - a potion of magic {unknown}
 g - a potion of might {unknown}
 j - 4 potions of lignification {unknown}
 p - 2 potions of heal wounds {unknown}
 s - a potion of berserk rage {unknown}
 w - a potion of degeneration {unknown}
 x - 2 potions of curing {unknown}
 A - a potion of mutation {unknown}
 D - 2 potions of resistance {unknown}
 E - 4 potions of flight
 G - 2 potions of cancellation {unknown}
Comestibles
 d - 17 rations


   Skills:
 - Level 1.5 Dodging
 - Level 3.0 Stealth
 * Level 11.7 Spellcasting
 + Level 10.9 Conjurations
   Level 1.0 Summonings
 - Level 1.0 Translocations
 + Level 6.6 Invocations


You had 19 spell levels left.
You knew the following spells:

 Your Spells              Type           Power        Failure   Level  Hunger
a - Magic Dart            Conj           ####         1%          1    None
b - Blink                 Tloc           N/A          1%          2    None
c - Conjure Flame         Conj/Fire      ######..     1%          3    None
d - Mephitic Cloud        Conj/Pois/Air  #####...     1%          3    None
e - Stone Arrow           Conj/Erth      ######       1%          3    None
f - Passwall              Tmut/Erth      ###.....     1%          2    None

Your spell library contained the following spells:

 Spells                   Type           Power        Failure   Level  Hunger
 Animate Skeleton         Necr           N/A          1%          1    None
 Apportation              Tloc           ####..       1%          1    None
 Confusing Touch          Hex            ###...       1%          1    None
 Corona                   Hex            ###....      1%          1    None
 Sandblast                Erth           ###...       1%          1    None
 Summon Small Mammal      Summ           ####         1%          1    None
 Call Imp                 Summ           ####....     1%          2    None
 Ensorcelled Hibernation  Hex/Ice        ###...       1%          2    None
 Shroud of Golubria       Chrm/Tloc      ###.......   1%          2    None
 Slow                     Hex            ###.....     1%          2    None
 Dazzling Spray           Conj/Hex       ######       1%          3    None
 Gell's Gravitas          Tloc           ####......   1%          3    None
 Lesser Beckoning         Tloc           ####......   1%          3    None
 Teleport Other           Tloc           ####....     1%          3    None
 Confuse                  Hex            ###.....     2%          3    None
 Tukima's Dance           Hex            ###.....     2%          3    None
 Passage of Golubria      Tloc           N/A          6%          4    None
 Petrify                  Tmut/Erth      ###.....     10%         4    None
 Lee's Rapid Deconstruct  Erth           ###.......   26%         5    #......


Dungeon Overview and Level Annotations

Branches:
Dungeon (11/15)            Temple (1/1) D:5             Orc (2/2) D:10
   Lair: D:8-11         Elf: Orc:2

Altars:
Ashenzari
Cheibriados
Elyvilon
Fedhas
Nemelex Xobeh
Okawaru
Qazlal
Ru
Trog
Vehumet
Wu Jian
Xom
Zin

Shops:
D:4 *   D:6 :}(   D:7 }   D:9 ?

Annotations:
D:6 3 runed doors, xpt754's ghost, novice MiFi


Innate Abilities, Weirdness & Mutations

You cannot wear boots.
Your serpentine skin is tough. (AC +3)
You have supernaturally acute eyesight. (SInv)
Armour fits poorly on your strangely shaped body.
Your system is resistant to poisons. (rPois)
You cover ground very slowly.
You have a slow metabolism.
You can spit poison.


Message History

You start resting.
HP restored.
There is a staircase back to the Dungeon here.
You start resting.
Magic restored.
You can't go down here!
There is a stone staircase leading down here.
You climb downwards.
The orc knight hits you with a dire flail!!
The orc hits you but does no damage.
The orc warrior hits you with a dire flail!!
The orc barely misses you.
You riposte.
You barely miss the orc.
The orc throws a tomahawk.
The tomahawk barely misses you.
The tomahawk hits the orc.
The orc wizard gestures at you while chanting.
The magic dart hits you! The orc closely misses you.
The orc knight hits you with a dire flail!!
* * * LOW HITPOINT WARNING * * *
The orc warrior hits you with a dire flail.
You die...

....(((((.#
#...(((((.#
#...(((((.#
#....((...#
###<.....o.#
.#..........#.#
......o[.......
...oo..@o.....#
......o#o##.#.#
.....## ## ....
... .#


You could see an orc knight, 2 orc warriors, an orc wizard and 3 orcs.

Vanquished Creatures
  Harold (D:10)
  An unseen horror (D:10)
  Pikel (D:5)
  An ugly thing (D:9)
  4 trolls
  Grinder (D:5)
  A hippogriff (D:7)
  Sigmund (D:5)
  6 yaks (D:10)
  Grum (D:10)
  Menkaure (D:4)
  A hungry ghost (D:9)
  A water moccasin (D:7)
  A hornet zombie (D:10)
  2 orc warriors
  2 ice beasts (D:6)
  2 sky beasts (D:5)
  6 ogres
  4 wolves (D:10)
  A centaur (D:9)
  Blork the orc (D:4)
  7 bullfrogs
  A gnoll sergeant (D:6)
  A wyvern zombie (D:6)
  5 scorpions
  5 killer bees
  5 wights (D:10)
  6 electric eels (D:10)
  4 howler monkeys
  4 crimson imps
  3 bullfrog zombies
  2 centaur zombies (D:5)
  2 quasits
  2 hounds
  2 bullfrog skeletons
  6 orc priests
  7 jellies
  6 orc wizards
  5 iguanas
  Jessica (D:3)
  A centaur skeleton (D:8)
  3 worker ants
  A hound zombie (D:6)
  2 hound skeletons (D:6)
  Robin (D:3)
  A howler monkey skeleton (D:8)
  9 gnolls
  8 adders
  A river rat (D:5)
  A shadow imp (D:10)
  5 oozes (D:8)
  An adder skeleton (D:10)
  2 adder zombies
  3 worms
  3 leopard geckos
  18 orcs
  4 ball pythons
  7 giant cockroaches
  13 goblins
  8 hobgoblins
  6 jackals
  2 quokkas
  9 bats
  6 frilled lizards
  4 kobolds
  3 quokka skeletons
  6 rats
  A toadstool (D:1)
243 creatures vanquished.

Vanquished Creatures (others)
  A killer bee (D:10)
  3 toadstools (D:1)
4 creatures vanquished.

Grand Total: 247 creatures vanquished

Notes
Turn   | Place    | Note
-------+----------+-------------------------------------------
     0 | D:1      | Ivernyr the Naga Wizard began the quest for the Orb.
     0 | D:1      | Reached XP level 1. HP: 15/15 MP: 4/4
   329 | D:1      | Reached XP level 2. HP: 22/22 MP: 0/6
   498 | D:1      | Learned a level 2 spell: Blink
   763 | D:1      | Reached XP level 3. HP: 28/28 MP: 0/7
  1234 | D:2      | Found a stormy altar of Qazlal.
  1235 | D:2      | Found a blossoming altar of Fedhas.
  1832 | D:2      | Reached XP level 4. HP: 36/36 MP: 5/9
  2381 | D:3      | Reached skill level 4 in Spellcasting
  2582 | D:3      | Learned a level 3 spell: Conjure Flame
  2586 | D:3      | Learned a level 3 spell: Mephitic Cloud
  2588 | D:3      | Noticed Robin
  2600 | D:3      | Killed Robin
  2910 | D:3      | Found a faded altar of an unknown god.
  3026 | D:3      | Noticed Jessica
  3029 | D:3      | Killed Jessica
  3029 | D:3      | Reached XP level 5. HP: 27/42 MP: 7/11
  3184 | D:3      | Found an ornate altar of the Wu Jian Council.
  3184 | D:3      | Found an iron altar of Okawaru.
  3206 | D:3      | Found a glowing silver altar of Zin.
  3206 | D:3      | Noticed an angel
  3208 | D:3      | Found a shimmering altar of Xom.
  3417 | D:4      | Noticed Blork the orc
  3428 | D:4      | Killed Blork the orc
  3548 | D:4      | Found Cuohepha's General Store.
  3701 | D:4      | Noticed Menkaure
  3713 | D:4      | Killed Menkaure
  3713 | D:4      | Reached skill level 5 in Spellcasting
  3713 | D:4      | Reached XP level 6. HP: 10/49 MP: 0/13
  4048 | D:4      | Got a steaming quarterstaff
  4049 | D:4      | Identified the +12 quarterstaff of the Silent Majority
                  | {crush, Dex+4} (You found it on level 4 of the Dungeon)
  4538 | D:5      | Entered Level 5 of the Dungeon
  4538 | D:5      | Noticed a sky beast
  4540 | D:5      | Killed a sky beast
  4540 | D:5      | Reached XP level 7. HP: 55/55 MP: 13/15
  4543 | D:5      | Reached skill level 5 in Conjurations
  4564 | D:5      | You fall through a shaft!
  4610 | D:6      | Found Coolaj's Gadget Shop.
  4671 | D:6      | Reached skill level 6 in Spellcasting
  4824 | D:6      | Reached XP level 8. HP: 62/62 MP: 9/17
  4886 | D:6      | Found Repriynua's Antique Weapon Boutique.
  4996 | D:6      | Reached skill level 7 in Spellcasting
  5173 | D:6      | Found a white marble altar of Elyvilon.
  5193 | D:5      | Noticed Grinder
  5199 | D:5      | Killed Grinder
  5296 | D:5      | Noticed Sigmund
  5310 | D:5      | Killed Sigmund
  5495 | D:5      | Reached XP level 9. HP: 56/68 MP: 20/20
  5516 | D:5      | Noticed a troll
  5524 | D:5      | Reached skill level 8 in Spellcasting
  5544 | D:5      | Killed a troll
  5631 | D:5      | Noticed Pikel
  5645 | D:5      | Killed Pikel
  6055 | D:5      | Found a staircase to the Ecumenical Temple.
  6069 | Temple   | Entered the Ecumenical Temple
  6077 | Temple   | Became a worshipper of Cheibriados the Contemplative
  6184 | D:6      | Found Amixuwno's Book Shop.
  6262 | D:6      | Reached skill level 9 in Spellcasting
  6400 | D:6      | Reached skill level 1 in Invocations
  6494 | D:6      | Reached * piety under Cheibriados
  6511 | D:6      | Learned a level 3 spell: Stone Arrow
  6514 | D:6      | Learned a level 2 spell: Passwall
  6775 | D:6      | Found a runed gate.
  6775 | D:6      | Found a runed gate.
  6776 | D:6      | Found a runed gate.
  6778 | D:6      | Noticed xpt754's ghost (novice MiFi)
  6954 | D:7      | Found Ydwy's Gadget Shoppe.
  7030 | D:7      | Reached XP level 10. HP: 62/75 MP: 14/23
  7314 | D:7      | Reached ** piety under Cheibriados
  8017 | D:8      | Reached skill level 10 in Spellcasting
  8430 | D:8      | Reached *** piety under Cheibriados
  8762 | D:9      | Found Huhanwih's Magic Scroll Emporium.
  8766 | D:9      | Noticed a white ugly thing
  8783 | D:9      | Killed a white ugly thing
  8783 | D:9      | Reached skill level 10 in Conjurations
  9513 | D:10     | Entered Level 10 of the Dungeon
  9643 | D:10     | Reached skill level 5 in Invocations
  9716 | D:10     | Reached **** piety under Cheibriados
 10187 | D:10     | Reached skill level 11 in Spellcasting
 10187 | D:10     | Reached XP level 11. HP: 81/81 MP: 19/26
 10719 | D:10     | Found a staircase to the Orcish Mines.
 10851 | D:10     | Noticed an unseen horror
 10853 | D:10     | Noticed Grum
 10864 | D:10     | Killed Grum
 10880 | D:10     | Killed an unseen horror
 11239 | D:10     | Noticed Harold
 11298 | D:10     | Killed Harold
 11343 | D:10     | Got a pitted falchion {flame}
 11344 | D:10     | Identified the +8 falchion "Asokhlav" {flame, rPois Int+2
                  | Stlth+} (You took it off Harold on level 10 of the Dungeon)
 11684 | D:11     | Noticed a deep elf knight
 11725 | Orc:1    | Entered Level 1 of the Orcish Mines
 11940 | Orc:2    | Entered Level 2 of the Orcish Mines
 11940 | Orc:2    | Noticed an orc knight
 11976 | Orc:2    | HP: 2/81 [orc knight/dire flail (23)]
 11976 | Orc:2    | Slain by an orc warrior

Skill      XL: |  1  2  3  4  5  6  7  8  9 10 11 |
---------------+----------------------------------+-----
Conjurations   | 2 3 4 6 7 9 10 | 10.9
Spellcasting   | 4 5 6 7 9 11 | 11.7
Invocations    | 2 5 6 |  6.6
Dodging        | |  1.5
Stealth        | |  3.0
Summonings     | |  1.0
Translocations | |  1.0

Action                   |  1- 3 |  4- 6 |  7- 9 | 10-12 || total
-------------------------+-------+-------+-------+-------++-------
Melee: Unarmed           |     5 |       |       |       ||     5
       Spear             |     1 |    22 |       |       ||    23
       Quarterstaff      |       |     2 |   109 |   124 ||   235
       Falchion          |       |       |       |     2 ||     2
 Cast: Magic Dart        |    60 |    81 |   103 |   264 ||   508
       Mephitic Cloud    |       |     1 |    14 |    28 ||    43
       Conjure Flame     |       |     1 |     6 |       ||     7
       Stone Arrow       |       |       |     6 |    19 ||    25
       Blink             |       |       |       |     5 ||     5
Invok: Slouch            |       |       |       |     1 ||     1
 Abil: Spit Poison       |     6 |    12 |    11 |     6 ||    35
  Use: Scroll            |       |     1 |     3 |     2 ||     6
 Stab: Sleeping          |       |     1 |     2 |     2 ||     5
       Confused          |       |       |     2 |    11 ||    13
       Distracted        |       |       |       |     1 ||     1
  Eat: Chunk             |     1 |     8 |     8 |     6 ||    23
       Ration            |       |       |       |     1 ||     1
Armor: Robe              |     2 |     7 |    40 |    86 ||   135
Dodge: Dodged            |     7 |    11 |    51 |   113 ||   182
       Rpst.: Falchion   |       |       |       |     2 ||     2
